Map: Flooded City

Players

MonstroTown - Winner!

  • Race: Terran Terran
  • Spawn Location: 12:00

Michael - Winner!

  • Race: Zerg Zerg
  • League: Platinum
  • Spawn Location: 12:00

mOdnar

  • Race: Zerg Zerg
  • League: Platinum
  • Spawn Location: 6:00

elnastha

  • Race: Protoss Protoss
  • League: Gold
  • Spawn Location: 6:00

VOD

Have the link to the VOD?

Description

Time

  • Played on: Oct. 9, 2018, 6:44 p.m.
  • Length: 11:20
Show
View Real Time Build Order
Export as new Build Order

MonstroTown Terran - Winner!

Build Orders: MMM Bio 

Get SALT Encoding   

  12  0:01  SCV  
  13  0:13  SCV  
  14  0:18  Supply Depot  
  14  0:25  SCV  
  15  0:40  SCV  
  15  0:41  Barracks  
  16  0:52  SCV  
  17  0:59  Barracks  
  17  1:04  SCV  
  17  1:09  Refinery  
  18  1:19  SCV  
  19  1:31  SCV  
  20  1:34  Marine  
  21  1:44  Orbital Command  
  21  1:49  Refinery  
  21  1:59  Marine x2  
  22  2:10  Supply Depot  
  22  2:11  SCV  
  22  2:14  Bunker  
  23  2:23  Barracks Tech Lab  
  23  2:25  Marine  
  23  2:42  Marine  
  24  3:00  Marine  
  24  3:03  SCV  
  24  3:04  Marine  
  27  3:06  Stimpack  
  27  3:16  SCV  
  27  3:18  Marine  
  25  3:28  SCV  
  26  3:38  Supply Depot  
  26  3:40  SCV  
  27  3:43  Factory, Marine  
  28  4:01  Marauder, Marine  
  28  4:02  SCV  
  29  4:24  Marauder, Marine  
  30  4:41  Widow Mine  
  30  4:51  SCV, Marine  
  30  4:52  Marine  
  32  5:09  Supply Depot, Marine  
  32  5:22  SCV  
  33  5:33  Supply Depot  
  24  5:37  Widow Mine  
  24  5:38  Marine x2  
  24  5:53  Starport  
  24  5:57  SCV  
  24  6:15  Factory Tech Lab  
  24  6:16  Marine  
  24  6:17  Marauder  
  27  6:35  Marine  
  27  6:38  Marine  
  30  6:47  SCV  
  30  6:48  Concussive Shells  
  30  6:49  Medivac  
  30  6:53  Marine  
  33  6:59  SCV  
  34  7:09  Widow Mine  
  34  7:25  Marine x2  
  36  7:30  Siege Tank  
  39  7:43  Marauder  
  41  7:46  Starport Reactor  
  41  8:02  Engineering Bay  
  41  8:05  Marauder  
  43  8:07  Marine  
  43  8:10  Widow Mine  
  46  8:25  Marine  
  47  8:37  Marine  
  44  8:43  Marine  
  41  8:52  Viking x2  
  41  8:54  Widow Mine  
  41  8:55  Marine  
  47  9:00  Marine  
  49  9:03  Missile Turret  
  49  9:06  Command Center  
  49  9:13  Marauder  
  51  9:18  Barracks, Marine  
  52  9:30  SCV  
  53  9:34  Marine  
  53  9:37  Combat Shields  
  54  9:39  Barracks Reactor  
  54  9:42  SCV  
  55  10:18  Medivac  
  54  10:35  Command Center  
  54  10:56  Barracks Reactor  
  54  10:57  Marine x2  
  54  10:58  Marauder  
  54  11:01  SCV  
  59  11:05  SCV  
Show
View Real Time Build Order
Export as new Build Order

Michael Zerg - Winner!

Build Orders: Pool First 

Get SALT Encoding   

  12  0:01  Drone  
  13  0:13  Overlord  
  13  0:24  Drone  
  14  0:31  Drone x2  
  14  0:35  Drone  
  17  0:45  Drone  
  18  0:50  Extractor  
  18  0:54  Spawning Pool  
  18  0:56  Drone  
  17  1:07  Drone  
  18  1:23  Hatchery  
  18  1:25  Drone  
  18  1:41  Queen  
  18  1:42  Zergling x2  
  18  1:45  Zergling x2  
  22  2:01  Overlord  
  22  2:09  Metabolic Boost  
  22  2:19  Queen  
  24  2:25  Zergling x6  
  27  2:32  Spine Crawler  
  27  2:35  Zergling x2  
  27  2:43  Queen  
  29  3:08  Drone x6  
  32  3:38  Drone x3  
  32  3:39  Overlord, Drone, Spine Crawler  
  32  4:07  Queen  
  32  4:08  Queen  
  36  4:10  Zergling x2  
  36  4:11  Zergling x10  
  42  4:24  Drone x2  
  42  4:26  Roach Warren  
  42  4:27  Overlord  
  43  4:32  Overlord  
  41  4:56  Drone x9  
  50  5:05  Spine Crawler  
  49  5:07  Spore Crawler  
  49  5:10  Lair  
  48  5:22  Zergling x2  
  48  5:23  Zergling x10  
  53  5:34  Zergling x6  
  53  5:35  Zergling x2  
  54  5:41  Extractor, Roach x3  
  54  5:42  Extractor  
  58  5:44  Roach  
  58  5:47  Overlord  
  60  6:04  Overlord  
  60  6:05  Overlord  
  60  6:08  Glial Reconstitution  
  60  6:12  Drone x2  
  60  6:16  Extractor  
  61  6:22  Roach  
  61  6:23  Roach x2  
  62  6:26  Hatchery  
  59  6:37  Roach x5  
  69  6:51  Roach x4  
  69  6:52  Roach  
  79  6:56  Drone  
  79  6:57  Drone x2  
  77  7:17  Roach x3  
  83  7:23  Drone  
  83  7:25  Overlord x4  
  84  7:35  Drone, Evolution Chamber  
  84  7:36  Drone, Infestation Pit  
  84  7:38  Drone  
  79  8:01  Roach x6  
  79  8:02  Roach  
  85  8:16  Roach x3  
  85  8:17  Zergling x6  
  85  8:18  Zergling x6  
  93  8:31  Roach x3  
  95  8:36  Zergling x2  
  95  8:37  Zergling x6  
  83  8:46  Drone  
  84  8:49  Drone x2  
  74  9:12  Roach x5  
  74  9:13  Roach x5  
  86  9:19  Roach  
  86  9:20  Roach  
  84  9:32  Roach x4  
  84  9:37  Drone x2  
  78  9:59  Hatchery  
  75  10:01  Hatchery  
  75  10:02  Spore Crawler, Hydralisk Den  
  75  10:04  Spore Crawler  
  71  10:09  Spore Crawler  
  70  10:22  Spire  
  69  10:35  Hydralisk x3  
  76  10:52  Drone, Spore Crawler  
  76  10:53  Drone x17, Spore Crawler  
  90  11:02  Drone  
  90  11:03  Drone x2  
Show
View Real Time Build Order
Export as new Build Order

mOdnar Zerg 

Build Orders: Pool First 

Get SALT Encoding   

  12  0:02  Drone  
  13  0:08  Drone  
  14  0:18  Overlord  
  14  0:37  Drone x3  
  17  0:52  Extractor, Spawning Pool  
  15  1:01  Drone x2  
  17  1:39  Zergling x6  
  20  1:40  Queen  
  22  1:48  Baneling Nest  
  22  1:51  Zergling x2  
  22  2:02  Overlord  
  22  2:13  Metabolic Boost  
  23  2:22  Zergling x2  
  23  2:23  Zergling x2  
  24  2:33  Zergling x2  
  24  2:51  Baneling  
  24  2:53  Zergling x2  
  22  3:06  Zergling x8  
  20  3:56  Zergling x4  
  20  3:57  Overlord x2  
  22  4:15  Zergling x4  
  22  4:18  Lair  
  21  4:39  Zergling x6  
  21  4:42  Hatchery  
  22  4:46  Hatchery  
  21  4:55  Baneling x2  
  21  4:56  Baneling x2  
  21  4:58  Zergling x6  
  22  5:23  Zergling x4  
  24  5:32  Zergling x2  
  22  5:39  Zergling x6  
  22  5:44  Burrow  
  22  5:48  Zergling x2  
  22  5:49  Spire  
  22  5:55  Queen  
  24  5:57  Drone  
  24  5:59  Drone  
  24  6:08  Baneling x3  
  24  6:11  Zergling x2  
  24  6:17  Zergling x2  
  26  6:21  Drone  
  25  6:34  Baneling x2  
  25  6:35  Baneling  
  25  6:37  Zergling x2  
  25  6:38  Zergling x2  
  27  6:44  Drone  
  27  6:46  Drone  
  29  6:51  Drone  
  30  7:08  Zergling x6  
  29  7:13  Mutalisk  
  29  7:15  Drone x2  
  29  7:21  Drone x2  
  32  7:29  Zergling x4  
  31  7:39  Zergling x2  
  31  7:40  Zergling x4  
  31  7:42  Zergling x4  
  36  7:48  Mutalisk  
  31  8:09  Zergling x6  
  31  8:10  Zergling x14  
  39  8:14  Extractor  
  39  8:15  Extractor  
  37  8:22  Mutalisk  
  30  8:50  Drone x5  
  30  9:11  Mutalisk  
  30  9:12  Zergling x4  
  30  9:14  Drone  
  32  9:29  Zergling x2  
  32  9:30  Zergling x4  
  16  9:50  Zergling x2  
Show
View Real Time Build Order
Export as new Build Order

elnastha Protoss 

Build Orders:  

Get SALT Encoding   

  1  0:00  Probe  
  13  0:08  Probe  
  14  0:17  Probe  
  15  0:36  Pylon  
  15  0:54  Probe  
  16  0:58  Gateway  
  16  0:59  Gateway  
  16  1:06  Probe  
  17  1:16  Forge  
  17  1:18  Probe  
  18  1:30  Gateway  
  18  1:35  Pylon  
  17  2:02  Zealot x2  
  21  2:13  Photon Cannon  
  21  2:17  Photon Cannon  
  21  2:19  Zealot  
  23  2:31  Zealot  
  25  2:39  Gateway  
  25  2:40  Zealot  
  27  2:53  Zealot  
  29  2:58  Pylon  
  29  3:01  Zealot  
  27  3:31  Zealot x3  
  27  3:32  Probe  
  32  3:58  Zealot  
  34  4:03  Zealot x2  
  38  4:20  Nexus  
  32  4:51  Probe  
  25  4:56  Zealot x3  
  31  5:09  Assimilator  
  31  5:13  Cybernetics Core  
  31  5:14  Assimilator  
  31  5:21  Photon Cannon  
  31  5:23  Zealot x2  
  35  5:52  Zealot x2  
  35  5:53  Nexus  
  39  6:12  Pylon  
  39  6:16  Pylon  
  39  6:30  Probe, Stalker  
  38  6:42  Probe  
  38  6:43  Stalker  
  41  6:50  Photon Cannon  
  41  6:52  Photon Cannon  
  41  6:54  Probe  
  41  6:58  Photon Cannon  
  42  7:06  Probe  
  31  7:17  Probe  
  31  7:18  Probe  
  31  7:21  Stalker  
  35  7:29  Probe  
  36  7:30  Probe  
  36  7:31  Assimilator  
  36  7:36  Assimilator  
  37  7:41  Probe  
  38  7:59  Pylon  
  34  8:18  Stalker  
  34  8:19  Stalker x3  
  41  8:35  Probe  
  40  8:47  Probe  
  41  8:48  Stalker  
  41  8:49  Pylon  
  39  9:19  Stalker x2  
  43  9:36  Nexus  
  43  9:49  Stalker x2  
  47  10:40  Nexus  
  47  10:48  Probe x2, Stalker  
  51  11:02  Photon Cannon  
Tags
 
Add a new tag
Caveats
  • Supply blocks, unpowered buildings, or Contaminate may cause inaccurate times.
  • Supply counts are checked every 10 seconds.